 Dungeon Crawl Stone Soup version 0.28-a0-1616-g050a50673c (webtiles) character file.

Game seed: 13707210774743516151

70 mcsnuffy the Cutter (level 4, -3/33 HPs)
             Began as a Demonspawn Gladiator on Jan 23, 2022.
             Slain by a goblin (4 damage)
             ... led by Robin
             ... on level 2 of the Dungeon.
             The game lasted 00:02:32 (1300 turns).

mcsnuffy the Cutter (Demonspawn Gladiator)          Turns: 1300, Time: 00:02:33

Health: -3/33      AC:  4    Str: 16    XL:     4   Next: 4%
Magic:  4/4        EV: 12    Int: 11    God:
Gold:   47         SH:  0    Dex: 15    Spells: 3/3 levels left

rFire   . . .      SeeInvis .   a - +0 rapier
rCold   . . .      Faith    .   (no shield)
rNeg    . . .      Spirit   .   b - +0 leather armour
rPois   .          Reflect  .   c - +0 helmet
rElec   .          Harm     .   (no cloak)
rCorr   .          Rampage  .   (no gloves)
Will    .....                   (no boots)
Stlth   +.........              (no amulet)
HPRegen 0.11/turn               (no ring)
MPRegen 0.09/turn               (no ring)

@: no status effects
A: claws 1, powered by pain 1, big brain 1
a: no special abilities


You were on level 2 of the Dungeon.
You visited 1 branch of the dungeon, and saw 2 of its levels.

You collected 47 gold pieces.


Innate Abilities, Weirdness & Mutations

You have sharp fingernails.
You sometimes gain a little power by taking damage.
You have an unusually large brain. (Int +2)


   Skills:
 - Level 2.0 Fighting
 + Level 4.5 Short Blades
 - Level 1.7 Throwing
 - Level 2.6 Dodging


You had 3 spell levels left.
You didn't know any spells.
Your spell library was empty.

Inventory:

Hand Weapons
 a - a +0 rapier (weapon)
Missiles
 d - 3 throwing nets (quivered) {=f}
 i - 5 poisoned darts
Armour
 b - a +0 leather armour (worn)
 c - a +0 helmet (worn)
Scrolls
 f - a scroll of fear {unknown}
 h - a scroll of amnesia {unknown}
Potions
 e - a potion of lignification {unknown}
 g - a potion of curing {unknown}

Dungeon Overview and Level Annotations

Branches:
Dungeon (2/15)

Altars:

#▒▒ ▒▒▒ ▒▒ ######.▒
..▒▒. ######†@....▒
..... #...ggg..##▒▒ 8..8
#..).###.# ▒..▒▒▒▒
#....# #.# ▒..▒...
#....###.##▒▒▒▒▒▒▒..▒...
#..........>....#▒..▒#..
#########.####..#▒..▒#..
###g####..#▒▒†▒#..
...##....# #.##..


You could see 4 goblins.


Message History

You feel agile.
Your demonic ancestry asserts itself...
Your fingernails lengthen.
You hit the hobgoblin but do no damage.
The hobgoblin hits you but does no damage.
The goblin hits you with a +0 club.
* * * LOW HITPOINT WARNING * * *
You barely miss the hobgoblin.
The hobgoblin hits you but does no damage.
The goblin hits you with a +0 club.
* * * LOW HITPOINT WARNING * * *
The goblin barely misses you.
You hit the hobgoblin but do no damage. The hobgoblin barely misses you.
The goblin hits you with a +0 club.
* * * LOW HITPOINT WARNING * * *
The goblin barely misses you.
You hit the hobgoblin.
The hobgoblin is severely wounded.
The hobgoblin hits you.
* * * LOW HITPOINT WARNING * * *
The goblin hits you but does no damage. The goblin barely misses you.
The goblin hits you but does no damage.
You hit the hobgoblin.
You kill the hobgoblin!
The goblin hits you but does no damage. The goblin misses you.
The goblin hits you but does no damage. The goblin barely misses you.
You see here a hobgoblin corpse.
A goblin comes into view. It is wielding a +0 club.
The goblin hits you with a +0 club.
You die...

Skill      XL: |  1  2  3 |
---------------+----------+-----
Short Blades   | 3 4 |  4.5
Fighting       | |  2.0
Throwing       | |  1.7
Dodging        | |  2.6

Action                   |  1- 3 |  4- 6 || total
-------------------------+-------+-------++-------
Melee: Rapier            |   120 |     5 ||   125
       Punch             |     1 |       ||     1
 Stab: Sleeping          |     1 |       ||     1
Armor: Leather armour    |    35 |     6 ||    41
Dodge: Dodged            |    71 |     6 ||    77

Levels and vault maps discovered:
D:1:      dpeg_arrival_orchard, layout_basic, minmay_misc_feat_more_columns
D:2:      minmay_chambers_of_twos, layout_loops_cross, uniq_robin

Notes
Turn   | Place    | Note
-------+----------+-------------------------------------------
     0 | D:1      | mcsnuffy the Demonspawn Gladiator began the quest for the
                  | Orb.
     0 | D:1      | Reached XP level 1. HP: 16/16 MP: 1/1
    65 | D:1      | Reached skill level 3 in Short Blades
   327 | D:1      | Gained mutation: You have an unusually large brain. (Int
                  | +2) [demonic ancestry]
   327 | D:1      | Reached XP level 2. HP: 22/22 MP: 2/2
   831 | D:1      | Gained mutation: You sometimes gain a little power by
                  | taking damage. [demonic ancestry]
   831 | D:1      | Reached XP level 3. HP: 19/27 MP: 3/3
  1168 | D:2      | Reached skill level 4 in Short Blades
  1235 | D:2      | Noticed Robin
  1293 | D:2      | Killed Robin
  1294 | D:2      | Gained mutation: You have sharp fingernails. [demonic
                  | ancestry]
  1294 | D:2      | Reached XP level 4. HP: 16/33 MP: 4/4
  1297 | D:2      | HP: 1/33 [hobgoblin[Robin] (5)]
  1300 | D:2      | Slain by a goblin

Vanquished Creatures
  Robin (D:2)
  2 adders (D:2)
  2 dart slugs
  A ball python (D:1)
  2 giant cockroaches (D:1)
  5 goblins
  4 hobgoblins
  4 jackals (D:1)
  A quokka (D:1)
  3 bats (D:1)
  3 frilled lizards (D:1)
  4 kobolds (D:1)
  6 rats
38 creatures vanquished.

Table legend: (Time is in decaauts)
 A = Elapsed time spent in this place.
 B = Non-inter-level travel time spent in this place.
 C = Inter-level travel time spent in this place.
 D = Time resting spent in this place.
 E = Time spent auto-exploring this place.
 F = Levels seen in this place.
 G = Mean time per level.
                   A        B        C        D        E       F      G
               +--------+--------+--------+--------+--------+-----+--------+
         Total |   1301 |   1277 |     24 |    102 |    900 |   2 |  650.5 |
       Dungeon |   1301 |   1277 |     24 |    102 |    900 |   2 |  650.5 |
               +--------+--------+--------+--------+--------+-----+--------+

Top non-repeatable levels by time:
     D:1: 1143 daAuts
     D:2: 158 daAuts

Table legend:
 A = Non-vault XP
 B = Vault XP
 C = Vault XP percentage of total XP
 D = Non-vault monster count
 E = Vault monster count
 F = Vault count percentage of total count
                 A         B        C        D         E       F
            +---------+---------+-------+---------+---------+-------
      Total |      62 |      39 |  38.6 |      31 |       7 |  18.4
            +---------+---------+-------+---------+---------+-------
        D:1 |      45 |       0 |   0.0 |      29 |       0 |   0.0
        D:2 |      17 |      39 |  69.6 |       2 |       7 |  77.8
            +---------+---------+-------+---------+---------+-------
